Map: Romanticide LE

Players

HellraiseR - Winner!

  • Race: Protoss Protoss
  • League: Grandmaster

ArT

  • Race: Protoss Protoss

Event: DreamHack SC2 Masters 2021 Summer

VOD

Have the link to the VOD?

Description

Time

  • Played on: May 20, 2021, 11:12 a.m.
  • Length: 15:17

All games in this series

Show
View Real Time Build Order
Export as new Build Order

HellraiseR Protoss - Winner!

Build Orders: Oracle Opening 

Get SALT Encoding   

  12  0:00  Probe  
  13  0:12  Probe  
  14  0:17  Pylon  
  14  0:25  Probe (Chrono Boost)  
  15  0:37  Gateway, Probe (Chrono Boost)  
  16  0:43  Probe (Chrono Boost)  
  16  0:46  Assimilator  
  17  0:51  Probe  
  17  0:54  Assimilator  
  18  1:03  Probe (Chrono Boost)  
  19  1:08  Gateway  
  19  1:12  Probe (Chrono Boost)  
  19  1:17  Probe (Chrono Boost)  
  20  1:25  Cybernetics Core  
  21  1:29  Probe  
  22  1:36  Pylon  
  22  1:41  Probe  
  23  1:54  Probe  
  23  2:01  Adept x2, Warp Gate  
  28  2:13  Pylon  
  28  2:14  Pylon  
  28  2:22  Shield Battery  
  28  2:31  Adept  
  28  2:32  Adept  
  28  2:36  Stargate  
  32  3:01  Nexus  
  32  3:05  Probe  
  33  3:15  Pylon  
  33  3:19  Probe  
  34  3:20  Oracle (Chrono Boost)  
  37  3:31  Probe  
  38  3:35  Robotics Facility  
  38  3:43  Probe  
  39  3:50  Shield Battery  
  39  3:57  Probe  
  40  4:03  Sentry x2, Shield Battery  
  40  4:09  Probe (Chrono Boost)  
  45  4:14  Probe (Chrono Boost)  
  46  4:20  Probe (Chrono Boost)  
  46  4:23  Probe (Chrono Boost), Observer  
  49  4:26  Probe (Chrono Boost)  
  49  4:28  Probe (Chrono Boost)  
  51  4:32  Forge  
  51  4:36  Stalker  
  54  4:41  Probe (Chrono Boost)  
  54  4:44  Probe (Chrono Boost)  
  53  4:47  Probe (Chrono Boost)  
  48  4:53  Probe  
  48  4:54  Stalker  
  48  4:58  Immortal (Chrono Boost)  
  48  4:59  Probe  
  56  5:01  Protoss Ground Weapons Level 1 (Chrono Boost)  
  56  5:07  Probe  
  56  5:11  Probe  
  58  5:16  Pylon  
  58  5:17  Assimilator  
  58  5:19  Probe  
  59  5:23  Twilight Council  
  59  5:24  Probe  
  60  5:28  Stalker  
  60  5:34  Pylon  
  62  5:41  Immortal  
  66  5:43  Probe x2  
  66  5:48  Blink (Chrono Boost)  
  68  5:55  Nexus  
  68  5:59  Pylon  
  68  6:10  Probe x2  
  70  6:13  Assimilator  
  70  6:20  Shield Battery  
  70  6:22  Stalker x2  
  70  6:25  Probe x2  
  76  6:33  Gateway  
  76  6:34  Gateway  
  76  6:37  Probe x2  
  78  6:49  Probe  
  78  6:50  Gateway x2  
  78  6:53  Stalker  
  81  6:54  Protoss Ground Weapons Level 2 (Chrono Boost)  
  81  6:56  Stalker  
  81  6:59  Probe  
  84  7:08  Probe x2  
  84  7:13  Probe  
  87  7:20  Probe  
  88  7:26  Photon Cannon  
  88  7:27  Stalker x2  
  88  7:28  Stalker  
  88  7:29  Probe  
  95  7:30  Stalker  
  95  7:32  Probe  
  95  7:33  Probe  
  99  7:41  Probe  
  99  7:43  Charge (Chrono Boost)  
  100  7:44  Probe  
  101  7:53  Pylon, Nexus  
  101  7:55  Templar Archives  
  101  8:07  Pylon  
  101  8:08  Pylon  
  101  8:10  Photon Cannon  
  101  8:11  Warp Prism  
  103  8:16  Pylon  
  103  8:23  Zealot x3  
  103  8:26  Zealot x3  
  115  8:32  Probe  
  115  8:33  Probe  
  117  8:35  Shield Battery  
  117  8:49  Probe x2  
  117  8:55  Pylon x2  
  119  8:56  High Templar x6  
  119  8:57  Pylon  
  119  8:58  Protoss Ground Weapons Level 3 (Chrono Boost)  
  119  9:02  Gateway x2, Archon x3  
  131  9:06  Pylon, Gateway  
  131  9:11  Gateway  
  131  9:12  Probe x2  
  131  9:13  Probe  
  134  9:19  Probe  
  135  9:26  Probe  
  135  9:28  Zealot x6  
  148  9:35  Photon Cannon  
  148  9:46  Pylon x2  
  148  9:49  Photon Cannon  
  148  9:58  Zealot x5  
  158  10:01  Zealot x3  
  158  10:02  Zealot  
  158  10:06  Warp Prism (Chrono Boost)  
  164  10:11  Probe  
  167  10:19  Probe  
  164  10:22  Robotics Bay  
  160  10:31  Probe  
  160  10:34  Zealot x10  
  177  10:37  Nexus  
  177  10:38  Pylon  
  177  10:41  Assimilator  
  177  10:42  Assimilator  
  177  10:43  Robotics Facility  
  177  10:45  Probe  
  177  10:47  Probe  
  179  10:51  Probe  
  179  10:52  Observer (Chrono Boost)  
  179  10:55  Probe  
  182  10:57  Probe  
  182  11:00  Probe  
  184  11:04  Photon Cannon, Shield Battery  
  184  11:13  Disruptor (Chrono Boost)  
  187  11:20  Photon Cannon x2  
  187  11:22  Pylon, Probe  
  185  11:28  Disruptor (Chrono Boost)  
  187  11:39  Zealot x3  
  196  11:42  Disruptor (Chrono Boost)  
  196  11:43  Nexus  
  190  11:54  Disruptor (Chrono Boost)  
  190  12:00  Pylon  
  193  12:02  Pylon  
  193  12:08  Disruptor (Chrono Boost)  
  193  12:13  Protoss Shields Level 1 (Chrono Boost)  
  193  12:14  Nexus  
  195  12:31  Dark Shrine  
  195  12:39  Nexus  
  185  12:54  Disruptor (Chrono Boost)  
  185  12:55  Disruptor (Chrono Boost)  
  167  13:07  Stalker x9  
  167  13:08  Stalker  
  167  13:10  Pylon  
  170  13:12  Probe  
  170  13:13  Probe  
  171  13:21  Probe  
  171  13:23  Disruptor  
  174  13:35  Probe  
  174  13:36  Stalker x6  
  174  13:37  Stalker x3  
  174  13:40  Probe  
  191  13:43  Probe  
  182  13:53  Disruptor (Chrono Boost)  
  185  13:58  Disruptor (Chrono Boost)  
  185  13:59  Stalker x6  
  190  14:15  Probe  
  185  14:18  Probe  
  185  14:19  Probe  
  185  14:22  Probe  
  178  14:25  Disruptor (Chrono Boost)  
  178  14:29  Stalker x3  
  178  14:30  Stalker x7  
  179  14:43  Nexus  
  180  14:57  Probe  
  180  14:59  Stalker x7  
Show
View Real Time Build Order
Export as new Build Order

ArT Protoss 

Build Orders: Phoenix Opening 

Get SALT Encoding   

  12  0:00  Probe  
  13  0:12  Probe  
  14  0:18  Pylon  
  14  0:25  Probe (Chrono Boost)  
  15  0:37  Probe (Chrono Boost)  
  15  0:39  Gateway  
  16  0:46  Probe (Chrono Boost)  
  16  0:47  Assimilator  
  17  0:51  Probe  
  17  0:55  Assimilator  
  18  1:03  Probe (Chrono Boost)  
  19  1:08  Gateway  
  19  1:13  Probe (Chrono Boost)  
  19  1:18  Probe (Chrono Boost)  
  21  1:26  Cybernetics Core  
  21  1:30  Probe  
  22  1:36  Pylon  
  22  1:42  Probe  
  23  1:54  Probe  
  24  2:04  Stalker, Sentry  
  24  2:06  Warp Gate, Probe  
  29  2:19  Pylon  
  28  2:38  Stalker, Sentry  
  28  2:42  Phoenix  
  32  2:48  Nexus  
  32  2:51  Probe  
  33  3:04  Probe  
  34  3:10  Shield Battery  
  34  3:16  Probe, Sentry  
  34  3:18  Pylon  
  37  3:28  Probe, Twilight Council  
  37  3:31  Shield Battery  
  38  3:38  Shield Battery  
  38  3:40  Probe  
  39  3:43  Shield Battery  
  39  3:52  Probe (Chrono Boost)  
  39  3:54  Stalker  
  42  3:57  Pylon  
  42  4:01  Stalker  
  44  4:03  Probe (Chrono Boost)  
  44  4:08  Probe (Chrono Boost)  
  44  4:09  Pylon  
  46  4:12  Probe (Chrono Boost)  
  46  4:15  Blink  
  46  4:16  Probe (Chrono Boost)  
  48  4:24  Pylon  
  48  4:29  Stalker  
  50  4:32  Probe  
  50  4:34  Probe  
  50  4:36  Pylon  
  48  4:51  Probe  
  48  4:55  Probe  
  48  4:58  Forge  
  48  4:59  Robotics Facility  
  49  5:03  Probe  
  50  5:07  Probe  
  51  5:15  Pylon  
  51  5:16  Probe (Chrono Boost)  
  52  5:22  Probe (Chrono Boost)  
  52  5:26  Assimilator  
  52  5:28  Protoss Ground Weapons Level 1 (Chrono Boost), Probe (Chrono Boost)  
  54  5:31  Probe (Chrono Boost)  
  54  5:33  Probe (Chrono Boost)  
  56  5:38  Probe  
  56  5:40  Gateway x2  
  56  5:42  Probe  
  58  5:47  Observer (Chrono Boost)  
  59  5:50  Probe  
  59  5:55  Probe  
  59  5:56  Pylon  
  61  6:00  Nexus  
  61  6:02  Pylon  
  61  6:11  Probe x2  
  61  6:14  Stalker x2  
  67  6:18  Pylon  
  67  6:22  Assimilator  
  67  6:26  Probe x2, Charge  
  69  6:35  Gateway  
  70  6:40  Probe x2  
  70  6:44  Stalker  
  70  6:45  Stalker  
  70  6:46  Stalker  
  77  6:54  Probe  
  77  6:59  Gateway, Probe  
  79  7:04  Gateway  
  79  7:09  Shield Battery  
  79  7:13  Photon Cannon  
  79  7:16  Pylon  
  79  7:18  Protoss Ground Weapons Level 2 (Chrono Boost)  
  79  7:22  Probe x3  
  82  7:39  Pylon  
  82  7:40  Photon Cannon  
  82  7:43  Probe x2  
  84  7:45  Templar Archives  
  84  7:46  Gateway  
  84  7:47  Probe  
  84  7:48  Gateway  
  85  7:52  Assimilator  
  85  7:55  Probe x2  
  85  7:56  Assimilator  
  87  7:58  Photon Cannon  
  87  7:59  Probe  
  88  8:06  Zealot x2, Warp Prism (Chrono Boost)  
  94  8:26  Probe  
  94  8:27  Probe x2  
  97  8:31  High Templar x4  
  97  8:33  Nexus  
  105  8:34  Pylon  
  105  8:36  Archon x2  
  105  8:38  Pylon  
  105  8:46  Gateway, Probe x3  
  105  8:47  Gateway  
  108  8:56  High Templar x4  
  108  9:01  Photon Cannon  
  108  9:02  Probe x2  
  118  9:06  Archon x2  
  118  9:07  Shield Battery  
  118  9:10  Pylon  
  118  9:19  Robotics Bay  
  118  9:20  Robotics Facility  
  118  9:26  Pylon  
  118  9:27  Probe  
  118  9:28  Zealot x5  
  118  9:29  Zealot  
  131  9:31  Zealot  
  131  9:36  Protoss Ground Weapons Level 3 (Chrono Boost)  
  133  9:52  Assimilator, Probe  
  134  9:54  Probe x2  
  134  9:56  Assimilator, Probe  
  137  10:00  Stalker x4  
  135  10:12  Zealot x5  
  135  10:13  Zealot  
  135  10:14  Zealot x6  
  147  10:23  Pylon  
  139  10:29  Pylon  
  139  10:30  Pylon  
  139  10:34  Disruptor (Chrono Boost)  
  137  10:45  Nexus  
  137  10:46  Disruptor (Chrono Boost), High Templar x4  
  137  10:47  High Templar x3  
  151  10:52  Archon x3  
  151  10:54  High Templar  
  156  10:57  Pylon  
  156  11:02  Archon  
  156  11:04  Disruptor (Chrono Boost)  
  159  11:07  Pylon  
  159  11:08  Pylon  
  159  11:10  Pylon  
  159  11:15  Shield Battery  
  159  11:17  Probe x2  
  159  11:18  Probe  
  162  11:19  Photon Cannon  
  162  11:29  Probe  
  163  11:41  Zealot x8  
  163  11:42  Zealot x3  
  184  11:56  Pylon  
  184  11:58  Disruptor x2  
  190  12:01  Shield Battery  
  190  12:03  Pylon  
  190  12:07  Assimilator  
  188  12:09  Assimilator  
  188  12:15  Stalker x2  
  190  12:23  Protoss Shields Level 1 (Chrono Boost)  
  190  12:26  Probe x3  
  193  12:35  Nexus  
  193  12:39  Photon Cannon, Shield Battery  
  193  12:51  Zealot x6  
  198  13:09  Nexus  
  194  13:13  Pylon  
  194  13:21  Pylon  
  194  13:24  Pylon  
  194  13:27  Pylon  
  194  13:28  Pylon  
  194  13:30  Pylon  
  186  13:37  Stalker x4  
  177  13:55  Stalker x6  
  155  14:12  Nexus  
  137  14:28  High Templar  
  137  14:29  High Templar x4  
  137  14:31  Probe  
  146  14:32  Pylon  
  146  14:33  Stalker  
  146  14:34  Stalker x5  
  146  14:36  Archon x2  
  149  14:47  Probe  
  142  15:04  Stalker x3  
  142  15:05  Stalker x3  
Tags
 
Add a new tag
Caveats
  • Supply blocks, unpowered buildings, or Contaminate may cause inaccurate times.
  • Supply counts are checked every 10 seconds.